 Dungeon Crawl Stone Soup version 0.30-a0-760-g5a9884bb7c (webtiles) character file.

Game seed: 11955155953736703722

641 BRD the Chopper (level 7, -4/55 HPs)
             Began as a Demonspawn Gladiator on Feb 11, 2023.
             Succumbed to an orc warrior's poison
             ... on level 4 of the Dungeon.
             The game lasted 00:06:22 (3198 turns).

BRD the Chopper (Demonspawn Gladiator)              Turns: 3198, Time: 00:06:22

Health: -4/55      AC: 12    Str: 14    XL:     7   Next: 26%
Magic:  7/7        EV:  4    Int: 11    God:
Gold:   209        SH:  4    Dex: 15    Spells: 6/6 levels left

rFire   . . .      SeeInvis .    a - +0 war axe
rCold   . . .      Faith    .    (no shield)
rNeg    . . .      Spirit   .    f - +0 plate armour
rPois   .          Reflect  .    (helmet restricted)
rElec   .          Harm     .    x - +0 cloak
rCorr   .          Rampage  .    (no gloves)
Will    .....                    (no boots) Stlth
                                 (no amulet)
HPRegen 0.29/turn                (no ring)
MPRegen 0.10/turn                (no ring)

@: lethally poisoned (-4 -> -51)
A: horns 1, condensation shield
a: no special abilities


You were on level 4 of the Dungeon.
You visited 2 branches of the dungeon, and saw 6 of its levels.

You collected 209 gold pieces.

Inventory:

Hand Weapons
 a - a +0 war axe (weapon)
Missiles
 d - 3 throwing nets
 e - 4 javelins (quivered)
Armour
 f - a +0 plate armour (worn)
 x - a +0 cloak (worn)
Wands
 q - a wand of acid (6)
 r - a wand of polymorph (5)
 u - a wand of flame (9)
Scrolls
 g - a scroll of vulnerability {unknown}
 h - 2 scrolls of immolation {unknown}
 j - a scroll of noise {unknown}
 k - 2 scrolls of identify {unknown}
 l - a scroll of blinking {unknown}
 m - a scroll of magic mapping {unknown}
 o - 2 scrolls of teleportation {unknown}
 p - a scroll of amnesia {unknown}
 v - 2 scrolls of poison {unknown}
 w - a scroll of butterflies {unknown}
Potions
 c - a potion of might {unknown}
 i - 2 potions of heal wounds
 n - 3 potions of curing {unknown}
 s - 4 potions of lignification {unknown}
 t - a potion of brilliance {unknown}
 z - a potion of berserk rage {unknown}


   Skills:
 + Level 4.8 Fighting
 + Level 4.9 Axes
 - Level 2.0 Throwing
 + Level 3.9 Armour
 - Level 2.6 Dodging


You had 6 spell levels left.
You didn't know any spells.
Your spell library contained the following spells:

 Spells                   Type           Power      Damage    Failure   Level
 Magic Dart               Conj           0%         1d3       100%        1
 Blink                    Tloc           0%         N/A       100%        2
 Call Imp                 Summ           0%         N/A       100%        2
 Lesser Beckoning         Tloc           0%         N/A       100%        2
 Momentum Strike          Conj/Tloc      0%         3d8       100%        2
 Mephitic Cloud           Conj/Pois/Air  0%         N/A       100%        3
 Fireball                 Conj/Fire      0%         3d3       100%        5
 Iskenderun's Battlesphe  Conj           0%         2d6       100%        5
 Conjure Ball Lightning   Conj/Air       0%         3x3d6     100%        6
 Orb of Destruction       Conj           0%         9d5       100%        7


Dungeon Overview and Level Annotations

Branches:
Dungeon (5/15)             Temple (1/1) D:4

Altars:
Ashenzari
Dithmenos
Fedhas
Gozag
Hepliaklqana
Kikubaaqudgha
Nemelex Xobeh
Okawaru
Qazlal
Ru
Sif Muna
Trog
Uskayaw
Wu Jian
Xom
Yredelemnul


Innate Abilities, Weirdness & Mutations

You have a pair of small horns on your head.
A meltable shield of frost defends you. (SH +4)


Message History

You barely miss the iguana.
The iguana is almost dead.
The iguana bites you!
* * * LOW HITPOINT WARNING * * *
You hit the iguana but do no damage.
The iguana is almost dead.
You block the iguana's attack. The iguana barely misses you.
You slash the iguana!
You kill the iguana!
An orc comes into view. It is wielding a +0 club.
The orc moves out of view.
An orc warrior and 2 orcs come into view.
The orc warrior is wielding a +1 war axe of venom and wearing a +1 plate armour of poison resistance.
An orc is wielding a +0 hand axe of electrocution.
Found a scroll labelled GYJORGH HUCZASK and a scroll labelled HORI ORGHEAN.
The orc warrior shouts!
The orc shouts! x2
An orc comes into view. It is wielding a +0 flail.
There is a stone staircase leading up here.
You slash the orc!
You kill the orc!
The orc warrior hits you with a +1 war axe of venom!
You climb upwards.
There is a stone staircase leading down here.
You closely miss the orc warrior. Your headbutt misses the orc warrior.
The orc warrior hits you but does no damage.
You are poisoned.
The orc warrior hits you with a +1 war axe of venom.
You are more poisoned.
You barely miss the orc warrior.
You headbutt the orc warrior, but do no damage.
You feel very sick.
The orc warrior hits you with a +1 war axe of venom!
You are more poisoned.
You closely miss the orc warrior.
You feel extremely sick.
The orc warrior hits you with a +1 war axe of venom!
* * * LOW HITPOINT WARNING * * *
You are more poisoned.
You hit the orc warrior but do no damage.
Your headbutt misses the orc warrior.
You die...

##.##.....#######
#............
#..............#
###.#######....
#.##...........###...#####
####.
#.##.####..###.##........#
#.
####.##.##.###.##........#
#. #.##........##........##
#. #.##........##..#......#
#. #.##.......o...##......#
#.
####+##........@..##......#
#.
#.....#........##.##.....>#
#.
#.....#........##.##......##
#.
#.....#............'.......#
##
#.....#........##.##.......#
#.....#...........##.......#
#...<.#.......###.##.......#
#####.##.#######
#.##.......# .........#
#.########.#


You could see an orc warrior.

Vanquished Creatures
  Sigmund (D:3)
  A phantom (D:4)
  2 hounds (D:5)
  Jessica (D:3)
  Ijyb (D:3)
  Natasha (thrice) (D:2)
  Terence (D:3)
  2 iguanas (D:5)
  2 orc wizards (D:4)
  4 adders
  4 orcs
  10 bats
  5 endoplasms
  2 giant cockroaches (D:1)
  7 goblins
  9 hobgoblins
  6 jackals
  5 quokkas
  5 ball pythons
  3 frilled lizards
  4 kobolds
  7 rats
85 creatures vanquished.

Notes
Turn   | Place    | Note
-------+----------+-------------------------------------------
     0 | D:1      | BRD the Demonspawn Gladiator began the quest for the Orb.
     0 | D:1      | Reached XP level 1. HP: 16/16 MP: 1/1
   349 | D:1      | Gained mutation: A meltable shield of frost defends you.
                  | (SH +4) [demonic ancestry]
   349 | D:1      | Reached XP level 2. HP: 21/22 MP: 2/2
   543 | D:1      | Reached skill level 1 in Armour
   803 | D:2      | Noticed Natasha
   807 | D:2      | Noticed a crimson imp
   808 | D:2      | Reached XP level 3. HP: 28/28 MP: 3/3
   823 | D:2      | Killed Natasha
  1057 | D:2      | Reached XP level 4. HP: 25/34 MP: 4/4
  1227 | D:2      | Noticed Natasha
  1229 | D:2      | Killed Natasha
  1279 | D:2      | Found a faded altar of an unknown god.
  1317 | D:2      | Noticed Natasha
  1323 | D:2      | Killed Natasha
  1399 | D:3      | Noticed Terence
  1564 | D:3      | Reached XP level 5. HP: 41/41 MP: 5/5
  1567 | D:3      | Noticed Ijyb
  1568 | D:3      | Found an ancient bone altar of Kikubaaqudgha.
  1570 | D:3      | Killed Ijyb
  1575 | D:3      | Killed Terence
  1665 | D:3      | Noticed Jessica
  1665 | D:3      | Noticed Sigmund
  1669 | D:3      | Killed Sigmund
  1669 | D:3      | Killed Jessica
  1670 | D:3      | Gained mutation: You have a pair of small horns on your
                  | head. [demonic ancestry]
  1670 | D:3      | Reached XP level 6. HP: 28/48 MP: 6/6
  2220 | D:4      | Found a staircase to the Ecumenical Temple.
  2230 | Temple   | Entered the Ecumenical Temple
  2345 | D:4      | Reached XP level 7. HP: 53/55 MP: 7/7
  2795 | D:5      | Entered Level 5 of the Dungeon
  3198 | D:4      | Succumbed to an orc warrior's poison

Illustrated notes

Levels and vault maps discovered:
D:1:      roderic_chinese_lattice_arrival, layout_basic,
          chequers_serial_rivers_micro_a
D:2:      layout_rooms, hellmonk_ecumenical_altar_leap_of_faith, uniq_natasha
D:3:      layout_basic, old_standard_altar, uniq_jessica, uniq_ijyb,
          uniq_sigmund, uniq_terence
D:4:      layout_basic, temple_statues
D:5:      layout_gridville, nicolae_overflow_crystal_walls, serial_shops, shop
Temple:   compressed_dpeg_circular_temple

Skill      XL: |  1  2  3  4  5 |
---------------+----------------+-----
Throwing       | 2 |  2.0
Axes           | 3 4 |  4.9
Armour         | 1 2 3 |  3.9
Fighting       | 3 4 |  4.8
Dodging        | |  2.6

Action                     |  1- 3 |  4- 6 |  7- 9 || total
---------------------------+-------+-------+-------++-------
  Melee: War axe           |   114 |    94 |    46 ||   254
         Unarmed           |       |     1 |       ||     1
         Headbutt          |       |     8 |     9 ||    17
  Evoke: Wand              |       |     8 |       ||     8
    Use: Potion            |       |     1 |       ||     1
 Armour: Plate armour      |   104 |    71 |    24 ||   199
  Dodge: Dodged            |    22 |    21 |    12 ||    55
  Block: Other             |    24 |    20 |    12 ||    56

Table legend: (Time is in decaauts)
 A = Elapsed time spent in this place.
 B = Non-inter-level travel time spent in this place.
 C = Inter-level travel time spent in this place.
 D = Time resting spent in this place.
 E = Time spent auto-exploring this place.
 F = Levels seen in this place.
 G = Mean time per level.
                   A        B        C        D        E       F      G
               +--------+--------+--------+--------+--------+-----+--------+
         Total |   3265 |   3099 |    166 |     85 |   2243 |   6 |  544.2 |
       Dungeon |   3182 |   3016 |    166 |     85 |   2214 |   5 |  636.4 |
        Temple |     82 |     82 |      0 |      0 |     29 |   1 |   82.0 |
               +--------+--------+--------+--------+--------+-----+--------+

Top non-repeatable levels by time:
     D:4: 805 daAuts
     D:1: 749 daAuts
     D:2: 684 daAuts
     D:3: 536 daAuts
     D:5: 406 daAuts
  Temple: 82 daAuts
